 Dungeon Crawl Stone Soup version 0.27.1-1-g398f81649c (webtiles) character file.

Game seed: 16126395143150264244

35 sven the Cudgeller (level 3, -1/33 HPs)
             Began as a Minotaur Berserker on Sept 8, 2021.
             Was a Follower of Trog.
             Slain by Terence (8 damage)
             ... on level 1 of the Dungeon on Sept 10, 2021.
             The game lasted 00:10:10 (1387 turns).

sven the Cudgeller (Minotaur Berserker)             Turns: 1387, Time: 00:10:10

Health: -1/33      AC:  3    Str: 22    XL:     3   Next: 17%
Magic:  2/2        EV: 12    Int:  4    God:    Trog [*.....]
Gold:   51         SH:  0    Dex:  9    Spells: 2/2 levels left

rFire    . . .     SeeInvis .   a - +0 mace
rCold    . . .     Faith    .   (no shield)
rNeg     . . .     Spirit   .   b - +0 animal skin
rPois    .         Reflect  .   (helmet restricted)
rElec    .         Harm     .   (no cloak)
rCorr    .         Rampage  .   e - +0 pair of gloves
Will     .....                  (no boots)
Stlth    +.........             (no amulet)
HPRegen  0.11/turn              (no ring)
MPRegen  0.08/turn              (no ring)

@: no status effects
A: horns 2, retaliatory headbutt
a: Renounce Religion, Berserk


You were on level 1 of the Dungeon.
You worshipped Trog.
Trog was aware of your devotion.
You visited 1 branch of the dungeon, and saw 2 of its levels.

You collected 51 gold pieces.

Inventory:

Hand Weapons
 a - a +0 mace (weapon)
 c - a +0 great sword
 f - a +0 hunting sling
Armour
 b - a +0 animal skin (worn)
 e - a +0 pair of gloves (worn)
Scrolls
 d - a scroll of teleportation {unknown}
 g - 2 scrolls of identify {unknown}
 h - a scroll of amnesia {unknown}
Potions
 i - a potion of lignification {unknown}
 j - a potion of mutation {unknown}


   Skills:
 - Level 3.9 Fighting
 * Level 4.9 Maces & Flails
 - Level 2.5 Armour
 - Level 2.2 Dodging


You had 2 spell levels left.
You didn't know any spells.
Your spell library was empty.

Dungeon Overview and Level Annotations

Branches:
Dungeon (2/15)

Altars:

Shops:
D:1 ?

Annotations:
D:1 Terence


Innate Abilities, Weirdness & Mutations

You have a pair of horns on your head.
You reflexively headbutt those who attack you in melee.


Message History

Terence is moderately wounded.
Terence barely misses you.
You hit Terence. You headbutt Terence, but do no damage.
Terence is heavily wounded.
Terence hits you with a +0 flail.
* * * LOW HITPOINT WARNING * * *
Terence says, "You're history."
Terence zaps a wand.
Some rock shatters into small pieces.
There is a stone staircase leading up here.
You can't go down here!
You climb upwards.
There is a stone staircase leading down here.
You start resting.
HP restored.
You start waiting.
Done waiting.
You climb downwards.
Level annotation: Terence Terence barely misses you.
Terence hits you with a +0 flail.
There is a stone staircase leading up here.
Terence barely misses you.
You climb upwards.
There is a stone staircase leading down here.
You hit Terence but do no damage. Terence hits you with a +0 flail.
You hit Terence but do no damage. Terence hits you with a +0 flail.
You closely miss Terence. You headbutt Terence.
Terence is moderately wounded.
Terence hits you with a +0 flail.
You sock Terence!
Terence is severely wounded.
Terence screams, "I'm going to kill you!"
Terence hits you with a +0 flail. Terence misses you.
You hit Terence but do no damage.
Terence is severely wounded.
Terence hits you with a +0 flail!
* * * LOW HITPOINT WARNING * * *
You hit Terence. Your headbutt misses Terence.
Terence is almost dead.
Terence hits you with a +0 flail!
You die...

##.....#.#+## #.♣P♣.
#....#.#.#.#######...P.
#....#...........'.†.♣.
#....#.#.#.#######.....
#(...#...........####..
#....#.....#####.# #..
#....#.....# #.# #..
#....#.....#####.####..
####.#@@.........(.....
#####.######......##....
#.....# #......#..§≈≈
#.##### #......#.≈≈≈≈
#.# #.(....#.≈≈§≈ #.#
########.≈≈≈≈ #.#######
#..≈≈≈ #.......# ##..∩.
#...>...## #####


You could see Terence.

Vanquished Creatures
  A hound skeleton (D:2)
  2 dart slugs
  A bat (D:1)
  An endoplasm (D:1)
  2 goblins (D:1)
  3 hobgoblins (D:1)
  A quokka (D:1)
  2 ball pythons
  2 frilled lizards (D:1)
  2 kobolds
  A rat (D:1)
18 creatures vanquished.

Notes
Turn   | Place    | Note
-------+----------+-------------------------------------------
     0 | D:1      | sven the Minotaur Berserker began the quest for the Orb.
     0 | D:1      | Reached XP level 1. HP: 19/19 MP: 0/0
    45 | D:1      | Reached skill level 4 in Maces & Flails
    45 | D:1      | Reached XP level 2. HP: 16/27 MP: 1/1
   214 | D:1      | Found Telaist's Magic Scroll Shop.
   411 | D:1      | Found a faded altar of an unknown god.
   921 | D:2      | Reached XP level 3. HP: 23/33 MP: 2/2
  1040 | D:2      | Noticed Terence
  1387 | D:1      | Slain by Terence

Illustrated notes

Levels and vault maps discovered:
D:1:      lightli_arrival_flooded_house, layout_basic, serial_shops,
          nicolae_lakefront_shop, ebering_ecumenical_altar_petrified
D:2:      layout_rooms, uniq_sigmund, uniq_terence, uniq_natasha

Skill      XL: |  1 |
---------------+----+-----
Maces & Flails | 4 |  4.9
Fighting       | |  3.9
Armour         | |  2.5
Dodging        | |  2.2

Action                   || total
-------------------------++-------
Melee: Mace              ||    55
       Headbutt          ||     7
Armor: Animal skin       ||    11
Dodge: Dodged            ||    33
